 Dungeon Crawl Stone Soup version 0.30-a0-169-g06f667207d (webtiles) character file.

Game seed: 13165822192129499888

16933 qw the Cleaver (level 12, -6/83 HPs)
             Began as a Gargoyle Fighter on Sept 30, 2022.
             Was a High Priest of Okawaru.
             Mangled by a wolf spider simulacrum (32 damage)
             ... in a Gauntlet.
             The game lasted 00:05:18 (15744 turns).

qw the Cleaver (Gargoyle Fighter)                  Turns: 15744, Time: 00:05:19

Health: -6/83      AC: 29    Str: 23    XL:     12   Next: 42%
Magic:  17/19      EV:  8    Int: 15    God:    Okawaru [*****.]
Gold:   699        SH: 17    Dex:  9    Spells: 11/11 levels left

rFire   . . .      SeeInvis .    Y - +2 war axe (vorpal)
rCold   . . .      Faith    .    q - +6 kite shield of Fanaticism {Int+4}
rNeg    + . .      Spirit   .    a - +0 plate armour
rPois   inf        Reflect  .    n - +2 helmet
rElec   +          Harm     .    b - scarf {repulsion}
rCorr   .          Rampage  .    (no gloves)
Will    .....      NoTele   +    s - +0 pair of boots
Stlth   ..........               (no amulet)
HPRegen 0.23/turn                (no ring)
MPRegen 0.16/turn                (no ring)

@: heroic, repel missiles
A: sickness immunity, AC +8, negative energy resistance 1, electricity
resistance, torment resistance 1, petrification resistance, robust 1
a: Renounce Religion, Heroism, Finesse, Duel


You were in a Gauntlet.
You worshipped Okawaru.
Okawaru was extremely pleased with you.
You visited 3 branches of the dungeon, and saw 14 of its levels.
You also visited: Gauntlet.

You collected 935 gold pieces.
You spent 236 gold pieces at shops.


Innate Abilities, Weirdness & Mutations

You are immune to sickness and miasma.
Your stone body is resilient. (AC +8)
You are immune to poison.
You resist negative energy. (rN+)
You are resistant to electric shocks. (rElec)
You are resistant to unholy torment.
You are immune to petrification.
You are robust. (+10% HP)


   Skills:
 - Level 9.1(14.1) Fighting
 - Level 12.1(17.1) Axes
 - Level 3.0(8.0) Throwing
 - Level 8.0(13.0) Armour
 - Level 1.4(6.4) Dodging
 + Level 6.9(11.9) Shields
 - Level 10.0 Invocations


You had 11 spell levels left.
You didn't know any spells.
Your spell library was empty.

Inventory:

Hand Weapons
 i - a +0 morningstar
 Y - a +2 vorpal war axe (weapon)
Missiles
 h - a boomerang (quivered)
Armour
 a - a +0 plate armour (worn)
 b - a scarf of repulsion (worn)
 n - a +2 helmet (worn)
 p - a +0 cloak
 q - the +6 kite shield of Fanaticism (worn) {Int+4}
   (Okawaru gifted it to you on level 2 of the Lair of Beasts)

   Int:       It affects your intelligence (+4).
 s - a +0 pair of boots (worn)
Scrolls
 g - 4 scrolls of identify
 l - a scroll of teleportation
Potions
 d - 2 potions of might
 e - 5 potions of attraction
 f - a potion of haste
 j - 4 potions of magic
 k - 2 potions of curing
 o - 3 potions of mutation

Dungeon Overview and Level Annotations

Branches:
Dungeon (10/15)            Temple (1/1) D:4            Lair (3/5) D:10
    Orc (0/2) D:10        Gauntlet (1/1)
  Swamp: Lair:2-3    Shoals: Lair:2-3     Snake: Lair:2-3    Spider: Lair:2-3

Altars:
Ashenzari
Cheibriados
Dithmenos
Elyvilon
Fedhas
Gozag
Hepliaklqana
Kikubaaqudgha
Makhleb
Nemelex Xobeh
Okawaru
Qazlal
Ru
Sif Muna
Trog
Uskayaw
Vehumet
Wu Jian
Xom
Yredelemnul
Zin
The Shining One

Shops:
D:3 [*!*   D:5 (   D:8 *

Annotations:
D:1 Natasha
D:7 1 runed translucent door, Crazy Yiuf Gauntlet 11 transporters, 2 runed translucent doors


Message History

You block the centaur warrior simulacrum's attack.
You slash the centaur warrior simulacrum!
The centaur warrior simulacrum vaporises!
Okawaru accepts your kill.
You slash the wyvern simulacrum!
You block the wyvern simulacrum's attack.
The wyvern simulacrum bites you but does no damage.
You hit the wyvern simulacrum.
The wyvern simulacrum is almost destroyed.
The wyvern simulacrum bites you but does no damage.
You slash the wyvern simulacrum!
The wyvern simulacrum vaporises!
Okawaru accepts your kill.
You block the wolf spider simulacrum's attack. x2
You slash the wolf spider simulacrum!
The wolf spider simulacrum is severely damaged.
The wolf spider simulacrum hits you but does no damage.
The wolf spider simulacrum bites you but does no damage.
You hit the wolf spider simulacrum but do no damage.
The wolf spider simulacrum is severely damaged.
You block the wolf spider simulacrum's attack.
The wolf spider simulacrum bites you but does no damage.
The wolf spider simulacrum hits you but does no damage.
The wolf spider simulacrum bites you but does no damage.
You hit the wolf spider simulacrum.
The wolf spider simulacrum is severely damaged.
You block the wolf spider simulacrum's attack.
The wolf spider simulacrum bites you but does no damage.
You hit the wolf spider simulacrum.
The wolf spider simulacrum is almost destroyed.
The wolf spider simulacrum hits you.
The wolf spider simulacrum freezes you!!
The wolf spider simulacrum closely misses you.
15744 ||| INVOKING Heroism.
You gain the combat prowess of a mighty hero.
The wolf spider simulacrum barely misses you.
You block the wolf spider simulacrum's attack. x2
The wolf spider simulacrum bites you.
The wolf spider simulacrum freezes you!!
You die...

## ### ##~~~~~## ### #
##~###~###.......###~###~
#~~~#~~~#..\.}.\..#~~~#~~
#~.....^.........^.....~
##.#########.#########.#
##~.#..#.#..#.#Z....#Z#.~
#~~.#.#.#.#.#.#Z##..#Z#.~
##~.#.#.#Z#.#.##Z.##..#.~
##.#..#@#..#.##ZZZ..##.#
##~.#.#.#.#.#.#Z.##..##.~
#~~.#.#.#.#.#.#.#.!##.#.~
##~.#Z?#^#.?#.#.#?^...#.~
##.###################.#
##~....#^.........^#....~
#~~..}.#.}.}.}.}.}.#.}..~
##~....#^.........^#....~
##.#########.#########.#


You could see a hornet simulacrum, a wolf spider simulacrum and 2 centaur
warrior simulacra.

Vanquished Creatures
  2 two-headed ogres
  3 death yaks (Lair:2)
  4 elephants (Lair:2)
  A gargoyle (D:10)
  A black mamba (Lair:2)
  3 cane toads
  2 komodo dragons (Lair:1)
  A kobold demonologist (D:5)
  2 centaur simulacra (Gauntlet)
  2 wyverns
  29 yaks
  2 basilisks (Lair:1)
  3 water moccasins
  2 black bears (D:5)
  5 orc warriors
  3 ice beasts
  2 sky beasts (D:6)
  An ogre (D:5)
  10 wolves
  5 centaurs
  A phantom (D:4)
  A kobold brigand (D:6)
  6 bullfrogs
  A gnoll sergeant (D:6)
  2 scorpions (D:7)
  3 necrophages
  14 wights
  A howler monkey (D:5)
  3 hounds
  4 jellies
  9 orc priests
  A wyvern simulacrum (Gauntlet)
  Natasha (twice) (D:2 D:1)
  Terence (D:1)
  3 iguanas
  8 orc wizards
  Robin (D:1)
  3 gnolls (D:6)
  12 adders
  A shadow imp (D:5)
  2 white imps
  An ufetubus (D:6)
  A worm (D:5)
  3 dart slugs
  26 orcs
  7 endoplasms
  3 giant cockroaches
  13 goblins
  12 hobgoblins
  3 quokkas
  7 ball pythons
  7 bats
  2 frilled lizards
  12 kobolds
  3 rats
262 creatures vanquished.

Vanquished Creatures (others)
  An orc wizard (D:10)
  10 fungi
  5 plants
  4 toadstools (D:9)
20 creatures vanquished.

Grand Total: 282 creatures vanquished

Notes
Turn   | Place    | Note
-------+----------+-------------------------------------------
     0 | D:1      | qw the Gargoyle Fighter began the quest for the Orb.
     0 | D:1      | Reached XP level 1. HP: 14/14 MP: 1/1
     0 | D:1      | 0 ||| qw: Version: 0.2-a-12-gaebbb33
     0 | D:1      | 0 ||| qw: Game counter: 1391
     0 | D:1      | 0 ||| qw: Always use a shield: true
     0 | D:1      | 0 ||| qw: God list: Okawaru
     0 | D:1      | 0 ||| qw: Allow faded altars: false
     0 | D:1      | 0 ||| qw: Do Orc after D:15 true
     0 | D:1      | 0 ||| qw: Do second Lair branch before Depths: true
     0 | D:1      | 0 ||| qw: Lair rune preference: random
     0 | D:1      | 0 ||| qw: Plans: Normal, Zot:1-4, God:TSO, Crypt, Tomb,
                  | Pan, Slime:5, Hells, Abyss, Orb
     0 | D:1      | 0 ||| PLANNING D:1-11
   127 | D:1      | Reached skill level 2 in Axes
   341 | D:1      | Reached XP level 2. HP: 19/19 MP: 2/2
   646 | D:1      | 646 ||| DROPPING amulet of magic regeneration.
   647 | D:1      | 647 ||| READING scroll labelled DIKHLE JUBE.
   648 | D:1      | 648 ||| READING scroll labelled CUOLIP SAIL.
   649 | D:1      | 649 ||| READING scroll labelled HIORUE KYKHOE.
   674 | D:2      | Noticed Terence
   674 | D:2      | Noticed Robin
   675 | D:2      | 675 ||| STAIRDANCE
   704 | D:2      | 704 ||| STAIRDANCE
   820 | D:2      | Reached skill level 3 in Axes
   821 | D:2      | 821 ||| STAIRDANCE
   824 | D:1      | Reached XP level 3. HP: 17/23 MP: 3/3
   830 | D:1      | Killed Robin
   841 | D:1      | HP: 3/23 [Terence/+0 hand axe (3)]
   847 | D:1      | HP: 1/23 [Terence/+0 hand axe (2)]
   849 | D:1      | Killed Terence
   850 | D:1      | Reached XP level 4. HP: 1/28 MP: 4/4
  1143 | D:1      | 1143 ||| UPGRADING to +0 helmet.
  1152 | D:2      | Found a radiant altar of Vehumet.
  1197 | D:2      | 1197 ||| Stepping ~*~*~tactically~*~*~ (stealth).
  1284 | D:2      | 1284 ||| Stepping ~*~*~tactically~*~*~ (hiding).
  1286 | D:2      | 1286 ||| Stepping ~*~*~tactically~*~*~ (hiding).
  1287 | D:2      | 1287 ||| Stepping ~*~*~tactically~*~*~ (hiding).
  1294 | D:2      | Reached skill level 4 in Axes
  1326 | D:2      | 1326 ||| Stepping ~*~*~tactically~*~*~ (hiding).
  1328 | D:2      | Noticed Natasha
  1344 | D:2      | Killed Natasha
  1354 | D:2      | 1354 ||| FLEEEEING.
  1355 | D:2      | 1355 ||| FLEEEEING.
  1356 | D:2      | 1356 ||| FLEEEEING.
  1357 | D:2      | 1357 ||| FLEEEEING.
  1359 | D:2      | 1359 ||| FLEEEEING.
  1360 | D:2      | 1360 ||| FLEEEEING.
  1361 | D:2      | 1361 ||| FLEEEEING.
  1362 | D:2      | 1362 ||| FLEEEEING.
  1363 | D:2      | 1363 ||| FLEEEEING.
  1364 | D:2      | 1364 ||| FLEEEEING.
  1364 | D:2      | Noticed Natasha
  1365 | D:2      | 1365 ||| FLEEEEING.
  1366 | D:2      | 1366 ||| STAIRDANCE
  1463 | D:1      | 1463 ||| READING scroll labelled KAUHEA FEM CUE.
  1466 | D:2      | 1466 ||| STAIRDANCE
  1482 | D:1      | Killed Natasha
  1483 | D:1      | Reached XP level 5. HP: 19/32 MP: 5/5
  1574 | D:1      | Noticed Natasha
  1575 | D:1      | 1575 ||| Stepping ~*~*~tactically~*~*~ (stealth).
  1920 | D:2      | 1920 ||| Stepping ~*~*~tactically~*~*~ (stealth).
  1921 | D:2      | 1921 ||| Stepping ~*~*~tactically~*~*~ (stealth).
  1923 | D:2      | 1923 ||| Stepping ~*~*~tactically~*~*~ (stealth).
  1924 | D:2      | 1924 ||| Stepping ~*~*~tactically~*~*~ (stealth).
  1925 | D:2      | 1925 ||| Stepping ~*~*~tactically~*~*~ (stealth).
  1926 | D:2      | 1926 ||| Stepping ~*~*~tactically~*~*~ (stealth).
  1963 | D:2      | 1963 ||| Stepping ~*~*~tactically~*~*~ (stealth).
  1985 | D:2      | Reached skill level 5 in Axes
  2058 | D:2      | 2058 ||| READING scroll labelled GAUQIU PAIH.
  2163 | D:3      | Found Sauro's Assorted Antiques.
  2169 | D:3      | 2169 ||| SHOPLISTING 2 potions of might (232 gold, have
                  | 82).
  2169 | D:3      | 2169 ||| SHOPLISTING flail (101 gold, have 82).
  2169 | D:3      | 2169 ||| BUYING scroll labelled SYECER ANNARI (29 gold).
  2169 | D:3      | Bought a scroll labelled SYECER ANNARI for 29 gold pieces
  2169 | D:3      | 2169 ||| SHOPLISTING scroll of identify (58 gold, have 53).
  2169 | D:3      | 2169 ||| SHOPLISTING shiny orb (348 gold, have 53).
  2385 | D:3      | Found Qixet's Antique Armour Shop.
  2403 | D:3      | 2403 ||| SHOPLISTING glowing orb (348 gold, have 62).
  2403 | D:3      | 2403 ||| SHOPLISTING jewelled leather armour (203 gold,
                  | have 62).
  2403 | D:3      | 2403 ||| SHOPLISTING pair of boots (130 gold, have 62).
  2403 | D:3      | 2403 ||| SHOPLISTING pair of embroidered gloves (217 gold,
                  | have 62).
  2403 | D:3      | 2403 ||| SHOPLISTING runed chain mail (217 gold, have 62).
  2403 | D:3      | 2403 ||| SHOPLISTING runed scarf (232 gold, have 62).
  2403 | D:3      | 2403 ||| SHOPLISTING shiny fire dragon scales (1827 gold,
                  | have 62).
  2415 | D:3      | Found Nelitixo's Distillery.
  2430 | D:3      | 2430 ||| SHOPLISTING 2 potions of curing (72 gold, have
                  | 62).
  2430 | D:3      | 2430 ||| BUYING potion of curing (36 gold).
  2430 | D:3      | Bought a potion of curing for 36 gold pieces
  2430 | D:3      | 2430 ||| SHOPLISTING potion of heal wounds (60 gold, have
                  | 26).
  2430 | D:3      | 2430 ||| SHOPLISTING potion of lignification (36 gold, have
                  | 26).
  2430 | D:3      | 2430 ||| SHOPLISTING potion of might (48 gold, have 26).
  2430 | D:3      | 2430 ||| SHOPLISTING potion of mutation (96 gold, have 26).
  2494 | D:3      | Reached XP level 6. HP: 34/39 MP: 6/6
  2672 | D:3      | Found Lecode's Assorted Antiques.
  2681 | D:3      | 2681 ||| BUYING fizzy inky potion (27 gold).
  2681 | D:3      | Bought a fizzy inky potion for 27 gold pieces
  2681 | D:3      | 2681 ||| SHOPLISTING morningstar (120 gold, have 15).
  2681 | D:3      | 2681 ||| SHOPLISTING scroll labelled HEOCAK QAQEO (30 gold,
                  | have 15).
  2681 | D:3      | 2681 ||| SHOPLISTING scroll labelled XOLEOH NIHAWK (30
                  | gold, have 15).
  3010 | D:3      | 3010 ||| READING scroll labelled VOIVIA EVIPE.
  3011 | D:3      | 3011 ||| READING scroll labelled SYECER ANNARI.
  3012 | D:3      | 3012 ||| READING scroll labelled JUVIYT BERCH.
  3013 | D:3      | 3013 ||| READING scroll labelled UMEIBLOHOI.
  3014 | D:3      | 3014 ||| READING scroll labelled XOLEOH NIHAWK.
  3017 | D:3      | 3017 ||| READING 2 scrolls of identify.
  3017 | D:3      | 3017 ||| IDENTIFYING viscous yellow potion
  3018 | D:3      | 3018 ||| DROPPING potion of magic.
  3419 | D:4      | Reached skill level 1 in Dodging
  3716 | D:4      | Found a basalt altar of Yredelemnul.
  3716 | D:4      | Found a stormy altar of Qazlal.
  3716 | D:4      | Found a broken altar of Ashenzari.
  3840 | D:4      | Found a staircase to the Ecumenical Temple.
  3841 | D:4      | 3841 ||| PLANNING TEMPLE
  3841 | D:4      | 3841 ||| READING scroll labelled XIMIFU HAEHELU.
  3842 | D:4      | 3842 ||| READING 2 scrolls of identify.
  3842 | D:4      | 3842 ||| IDENTIFYING white potion
  3848 | Temple   | Entered the Ecumenical Temple
  3867 | Temple   | 3867 ||| PLANNING OKAWARU WORSHIP
  3897 | Temple   | Became a worshipper of Warmaster Okawaru
  3898 | Temple   | 3898 ||| PLANNING D:1-11
  4177 | D:5      | Entered Level 5 of the Dungeon
  4205 | D:5      | Reached XP level 7. HP: 19/44 MP: 7/7
  4207 | D:5      | Reached skill level 6 in Axes
  4412 | D:5      | Noticed a kobold demonologist
  4457 | D:5      | 4457 ||| Stepping randomly (stuck).
  4458 | D:5      | 4458 ||| Stepping randomly (stuck).
  4459 | D:5      | 4459 ||| Stepping randomly (stuck).
  4460 | D:5      | 4460 ||| Stepping randomly (stuck).
  4461 | D:5      | 4461 ||| Stepping randomly (stuck).
  4462 | D:5      | 4462 ||| Stepping randomly (stuck).
  4463 | D:5      | 4463 ||| Stepping randomly (stuck).
  4464 | D:5      | 4464 ||| Stepping randomly (stuck).
  4465 | D:5      | 4465 ||| Stepping randomly (stuck).
  4466 | D:5      | 4466 ||| Stepping randomly (stuck).
  4467 | D:5      | 4467 ||| Stepping randomly (stuck).
  4468 | D:5      | 4468 ||| Stepping randomly (stuck).
  4469 | D:5      | 4469 ||| Stepping randomly (stuck).
  4470 | D:5      | 4470 ||| Stepping randomly (stuck).
  4471 | D:5      | 4471 ||| Stepping randomly (stuck).
  4472 | D:5      | 4472 ||| Stepping randomly (stuck).
  4473 | D:5      | 4473 ||| Stepping randomly (stuck).
  4474 | D:5      | 4474 ||| Stepping randomly (stuck).
  4475 | D:5      | 4475 ||| Stepping randomly (stuck).
  4476 | D:5      | 4476 ||| Stepping randomly (stuck).
  4477 | D:5      | 4477 ||| Stepping randomly (stuck).
  4478 | D:5      | 4478 ||| Stepping randomly (stuck).
  4479 | D:5      | 4479 ||| Stepping randomly (stuck).
  4480 | D:5      | 4480 ||| Stepping randomly (stuck).
  4481 | D:5      | 4481 ||| Stepping randomly (stuck).
  4482 | D:5      | 4482 ||| Stepping randomly (stuck).
  4483 | D:5      | 4483 ||| Stepping randomly (stuck).
  4484 | D:5      | 4484 ||| Stepping randomly (stuck).
  4485 | D:5      | 4485 ||| Stepping randomly (stuck).
  4486 | D:5      | 4486 ||| Stepping randomly (stuck).
  4508 | D:5      | Noticed an ice devil
  4510 | D:5      | Killed a kobold demonologist
  4510 | D:5      | Reached * piety under Okawaru
  4511 | D:5      | Reached skill level 7 in Axes
  4511 | D:5      | Reached XP level 8. HP: 41/48 MP: 8/8
  4614 | D:5      | 4614 ||| INVOKING Heroism.
  4723 | D:5      | Reached skill level 1 in Invocations
  4767 | D:5      | Reached ** piety under Okawaru
  4783 | D:5      | 4783 ||| Stepping ~*~*~tactically~*~*~ (hiding).
  4784 | D:5      | 4784 ||| Stepping ~*~*~tactically~*~*~ (hiding).
  4788 | D:5      | 4788 ||| INVOKING Heroism.
  4883 | D:5      | 4883 ||| DROPPING +0 whip.
  4997 | D:5      | Reached skill level 3 in Invocations
  4999 | D:5      | 4999 ||| Stepping ~*~*~tactically~*~*~ (stealth).
  5010 | D:5      | 5010 ||| READING scroll of enchant armour.
  5010 | D:5      | 5010 ||| ENCHANTING +0 helmet.
  5019 | D:5      | 5019 ||| INVOKING Heroism.
  5035 | D:5      | 5035 ||| INVOKING Heroism.
  5038 | D:5      | Reached skill level 8 in Axes
  5140 | D:5      | 5140 ||| INVOKING Heroism.
  5169 | D:5      | 5169 ||| INVOKING Heroism.
  5172 | D:5      | HP: 11/50 [wight/+0 battleaxe (2)]
  5173 | D:5      | 5173 ||| READING scroll of teleportation.
  5186 | D:5      | Reached skill level 6 in Fighting
  5423 | D:5      | 5423 ||| DROPPING +0 flail.
  5430 | D:5      | 5430 ||| Stepping ~*~*~tactically~*~*~ (hiding).
  5432 | D:5      | 5432 ||| Stepping ~*~*~tactically~*~*~ (hiding).
  5603 | D:5      | Found Hacze's Antique Weapon Emporium.
  5710 | D:5      | Found a shimmering blue altar of Sif Muna.
  5719 | D:5      | Reached XP level 9. HP: 50/55 MP: 12/12
  5801 | D:5      | Found a hazy altar of Hepliaklqana.
  5806 | D:5      | 5806 ||| READING 3 scrolls of identify.
  5806 | D:5      | 5806 ||| IDENTIFYING lumpy ruby potion
  5807 | D:5      | 5807 ||| READING 2 scrolls of identify.
  5807 | D:5      | 5807 ||| IDENTIFYING orange potion
  5808 | D:5      | 5808 ||| DROPPING potion of flight.
  5934 | D:6      | Reached skill level 9 in Axes
  5943 | D:6      | 5943 ||| Stepping ~*~*~tactically~*~*~ (hiding).
  5948 | D:6      | 5948 ||| INVOKING Heroism.
  6145 | D:6      | 6145 ||| Stepping ~*~*~tactically~*~*~ (stealth).
  6147 | D:6      | 6147 ||| Stepping ~*~*~tactically~*~*~ (hiding).
  6157 | D:6      | 6157 ||| DRINKING 5 potions of curing.
  6157 | D:6      | 6157 ||| (to cure confusion)
  6229 | D:6      | 6229 ||| INVOKING Heroism.
  6451 | D:6      | 6451 ||| Stepping ~*~*~tactically~*~*~ (stealth).
  6454 | D:6      | 6454 ||| Stepping ~*~*~tactically~*~*~ (stealth).
  6455 | D:6      | 6455 ||| Stepping ~*~*~tactically~*~*~ (stealth).
  6460 | D:6      | 6460 ||| Stepping ~*~*~tactically~*~*~ (stealth).
  6588 | D:6      | 6588 ||| INVOKING Heroism.
  6610 | D:6      | Found a white marble altar of Elyvilon.
  7218 | D:6      | 7218 ||| UPGRADING to +2 helmet.
  7228 | D:6      | 7228 ||| DROPPING +1 helmet.
  7229 | D:6      | 7229 ||| READING scroll labelled GAMPED UNLAUCI.
  7330 | D:6      | 7330 ||| READING scroll labelled HEOCAK QAQEO.
  7370 | D:7      | 7370 ||| Stepping ~*~*~tactically~*~*~ (hiding).
  7375 | D:7      | 7375 ||| INVOKING Heroism.
  7381 | D:7      | Reached *** piety under Okawaru
  7386 | D:7      | 7386 ||| DRINKING 4 potions of curing.
  7386 | D:7      | 7386 ||| (to cure confusion)
  7571 | D:7      | 7571 ||| Stepping ~*~*~tactically~*~*~ (stealth).
  7759 | D:7      | Found a runed translucent door.
  7760 | D:7      | Noticed Crazy Yiuf
  7973 | D:7      | Found the +7 Singing Sword {vorpal, sonic wave}
  7975 | D:7      | 7975 ||| Stepping ~*~*~tactically~*~*~ (stealth).
  8152 | D:7      | 8152 ||| UPGRADING to +0 plate armour.
  8162 | D:7      | 8162 ||| DROPPING +0 scale mail.
  8163 | D:7      | 8163 ||| UPGRADING to +0 cloak.
  8168 | D:7      | 8168 ||| DROPPING ring of magical power.
  8169 | D:7      | 8169 ||| READING scroll labelled SEDIKH IW OBO.
  8170 | D:7      | 8170 ||| READING scroll labelled ZIOMNOAFIJ.
  8228 | D:8      | Found a shimmering altar of Xom.
  8259 | D:8      | Found Wuesim's Neck Hole.
  8268 | D:8      | 8268 ||| BUYING scarf of repulsion (144 gold).
  8268 | D:8      | Bought a scarf of repulsion for 144 gold pieces
  8268 | D:8      | 8268 ||| SHOPLISTING scarf of resistance (384 gold, have
                  | 36).
  8281 | D:8      | 8281 ||| Stepping ~*~*~tactically~*~*~ (stealth).
  8303 | D:8      | 8303 ||| INVOKING Heroism.
  8432 | D:8      | Found a snail-covered altar of Cheibriados.
  8477 | D:8      | 8477 ||| INVOKING Heroism.
  8501 | D:8      | 8501 ||| Stepping ~*~*~tactically~*~*~ (stealth).
  8502 | D:8      | 8502 ||| Stepping ~*~*~tactically~*~*~ (stealth).
  8643 | D:8      | Found a shadowy altar of Dithmenos.
  8644 | D:8      | 8644 ||| Stepping ~*~*~tactically~*~*~ (stealth).
  8646 | D:8      | 8646 ||| Stepping ~*~*~tactically~*~*~ (hiding).
  8647 | D:8      | 8647 ||| Stepping ~*~*~tactically~*~*~ (hiding).
  8653 | D:8      | 8653 ||| INVOKING Heroism.
  8924 | D:8      | 8924 ||| Stepping ~*~*~tactically~*~*~ (stealth).
  8928 | D:8      | 8928 ||| Stepping ~*~*~tactically~*~*~ (stealth).
  8933 | D:8      | 8933 ||| INVOKING Heroism.
  8947 | D:8      | Reached skill level 6 in Armour
  8947 | D:8      | Reached XP level 10. HP: 46/63 MP: 11/13
  8949 | D:8      | Reached skill level 10 in Axes
  9101 | D:8      | Noticed a two-headed ogre
  9102 | D:8      | 9102 ||| INVOKING Heroism.
  9108 | D:8      | Killed a two-headed ogre
  9108 | D:8      | Reached **** piety under Okawaru
  9109 | D:8      | Reached skill level 3 in Throwing
  9452 | D:8      | 9452 ||| INVOKING Heroism.
  9465 | D:8      | HP: 15/64 [yak (11)]
  9466 | D:8      | 9466 ||| READING scroll of teleportation.
  9468 | D:8      | Received a gift from Okawaru
 10047 | D:8      | 10047 ||| UPGRADING to scarf of repulsion.
 10057 | D:8      | 10057 ||| DRINKING 2 fizzy inky potions.
 10057 | D:8      | Gained mutation: You are robust. (+10% HP) [potion of
                  | mutation]
 10083 | D:8      | 10083 ||| READING 2 scrolls of identify.
 10083 | D:8      | 10083 ||| IDENTIFYING black potion
 10154 | D:9      | 10154 ||| Stepping ~*~*~tactically~*~*~ (stealth).
 10156 | D:9      | 10156 ||| Stepping ~*~*~tactically~*~*~ (hiding).
 10163 | D:9      | 10163 ||| FLEEEEING.
 10164 | D:9      | 10164 ||| FLEEEEING.
 10167 | D:9      | 10167 ||| Stepping ~*~*~tactically~*~*~ (hiding).
 10170 | D:9      | 10170 ||| DRINKING 4 potions of curing.
 10170 | D:9      | 10170 ||| (to cure confusion)
 10208 | D:9      | 10208 ||| INVOKING Heroism.
 10231 | D:9      | 10231 ||| Stepping ~*~*~tactically~*~*~ (stealth).
 10244 | D:9      | 10244 ||| INVOKING Heroism.
 10278 | D:9      | Reached skill level 6 in Invocations
 10337 | D:9      | 10337 ||| INVOKING Heroism.
 10342 | D:9      | 10342 ||| DRINKING 3 potions of curing.
 10342 | D:9      | 10342 ||| (to cure confusion)
 10481 | D:9      | Noticed a two-headed ogre
 10482 | D:9      | 10482 ||| INVOKING Heroism.
 10490 | D:9      | Killed a two-headed ogre
 10716 | D:9      | Found a burning altar of Makhleb.
 10719 | D:9      | 10719 ||| Stepping ~*~*~tactically~*~*~ (stealth).
 10721 | D:9      | 10721 ||| Stepping ~*~*~tactically~*~*~ (hiding).
 10723 | D:9      | 10723 ||| INVOKING Heroism.
 10730 | D:9      | Reached XP level 11. HP: 64/74 MP: 13/16
 10797 | D:9      | 10797 ||| Stepping ~*~*~tactically~*~*~ (stealth).
 10828 | D:9      | Found a blossoming altar of Fedhas.
 10894 | D:9      | Found an opulent altar of Gozag.
 11152 | D:9      | 11152 ||| DROPPING amulet of faith.
 11153 | D:9      | 11153 ||| DRINKING 2 fuming blue potions.
 11254 | D:9      | 11254 ||| DROPPING potion of ambrosia.
 11307 | D:10     | Entered Level 10 of the Dungeon
 11308 | D:10     | 11308 ||| INVOKING Heroism.
 11313 | D:10     | 11313 ||| STAIRDANCE
 11420 | D:10     | Found an ornate altar of the Wu Jian Council.
 11528 | D:10     | Found a radiant altar of Vehumet.
 11629 | D:10     | Found a staircase to the Lair.
 11689 | D:10     | 11689 ||| INVOKING Heroism.
 11695 | D:10     | Noticed a two-headed ogre
 11725 | D:10     | HP: 15/74 [two-headed ogre/+0 giant club (13)]
 11726 | D:10     | 11726 ||| READING scroll of teleportation.
 11727 | D:10     | 11727 ||| DRINKING potion of heal wounds.
 11728 | D:10     | 11728 ||| INVOKING Heroism.
 11833 | D:10     | 11833 ||| Invisible monster not found???
 11876 | D:10     | 11876 ||| FLEEEEING.
 11877 | D:10     | 11877 ||| FLEEEEING.
 11878 | D:10     | 11878 ||| FLEEEEING.
 11879 | D:10     | 11879 ||| FLEEEEING.
 11880 | D:10     | 11880 ||| FLEEEEING.
 11881 | D:10     | 11881 ||| FLEEEEING.
 11882 | D:10     | 11882 ||| FLEEEEING.
 12189 | D:10     | 12189 ||| INVOKING Heroism.
 12443 | D:10     | Found a staircase to the Orcish Mines.
 12576 | D:10     | 12576 ||| FLEEEEING.
 12687 | D:10     | 12687 ||| READING scroll of enchant weapon.
 12687 | D:10     | 12687 ||| ENCHANTING +1 vorpal war axe.
 12723 | D:10     | 12723 ||| PLANNING LAIR
 12723 | D:10     | 12723 ||| UPGRADING to +0 pair of boots.
 12728 | D:10     | 12728 ||| READING 2 scrolls of identify.
 12728 | D:10     | 12728 ||| IDENTIFYING metallic blue potion
 12729 | D:10     | 12729 ||| DROPPING potion of brilliance.
 12757 | Lair:1   | Entered Level 1 of the Lair of Beasts
 12764 | Lair:1   | 12764 ||| INVOKING Heroism.
 12773 | Lair:1   | Received a gift from Okawaru
 12969 | Lair:1   | 12969 ||| INVOKING Heroism.
 12977 | Lair:1   | Reached skill level 11 in Axes
 13201 | Lair:1   | 13201 ||| INVOKING Heroism.
 13206 | Lair:1   | Reached skill level 9 in Invocations
 13359 | Lair:1   | 13359 ||| Stepping ~*~*~tactically~*~*~ (stealth).
 13360 | Lair:1   | 13360 ||| Stepping ~*~*~tactically~*~*~ (stealth).
 13362 | Lair:1   | 13362 ||| Stepping ~*~*~tactically~*~*~ (stealth).
 13364 | Lair:1   | 13364 ||| Stepping ~*~*~tactically~*~*~ (stealth).
 13367 | Lair:1   | 13367 ||| Stepping ~*~*~tactically~*~*~ (stealth).
 13369 | Lair:1   | 13369 ||| INVOKING Heroism.
 13371 | Lair:1   | 13371 ||| Stepping ~*~*~tactically~*~*~ (stealth).
 13385 | Lair:1   | Reached ***** piety under Okawaru
 13654 | Lair:1   | 13654 ||| INVOKING Heroism.
 13671 | Lair:1   | Reached skill level 9 in Fighting
 13833 | Lair:1   | 13833 ||| Stepping ~*~*~tactically~*~*~ (stealth).
 13834 | Lair:1   | 13834 ||| Stepping ~*~*~tactically~*~*~ (stealth).
 13836 | Lair:1   | 13836 ||| Stepping ~*~*~tactically~*~*~ (hiding).
 13980 | Lair:1   | 13980 ||| DRINKING 2 fizzy grey potions.
 13981 | Lair:1   | 13981 ||| DROPPING potion of degeneration.
 14000 | Lair:2   | 14000 ||| Stepping ~*~*~tactically~*~*~ (stealth).
 14001 | Lair:2   | 14001 ||| Stepping ~*~*~tactically~*~*~ (stealth).
 14002 | Lair:2   | 14002 ||| Stepping ~*~*~tactically~*~*~ (stealth).
 14003 | Lair:2   | 14003 ||| Stepping ~*~*~tactically~*~*~ (stealth).
 14004 | Lair:2   | 14004 ||| INVOKING Heroism.
 14031 | Lair:2   | Reached XP level 12. HP: 65/83 MP: 19/19
 14061 | Lair:2   | 14061 ||| Stepping ~*~*~tactically~*~*~ (stealth).
 14063 | Lair:2   | 14063 ||| Stepping ~*~*~tactically~*~*~ (stealth).
 14065 | Lair:2   | 14065 ||| Stepping ~*~*~tactically~*~*~ (stealth).
 14086 | Lair:2   | 14086 ||| Stepping ~*~*~tactically~*~*~ (stealth).
 14104 | Lair:2   | 14104 ||| Stepping ~*~*~tactically~*~*~ (stealth).
 14119 | Lair:2   | 14119 ||| INVOKING Heroism.
 14547 | Lair:2   | 14547 ||| Stepping ~*~*~tactically~*~*~ (stealth).
 14549 | Lair:2   | 14549 ||| Stepping ~*~*~tactically~*~*~ (stealth).
 14554 | Lair:2   | 14554 ||| INVOKING Heroism.
 14707 | Lair:2   | Noticed a death yak
 14707 | Lair:2   | Noticed a death yak
 14708 | Lair:2   | 14708 ||| INVOKING Heroism.
 14709 | Lair:2   | 14709 ||| INVOKING Finesse.
 14709 | Lair:2   | Noticed a death yak
 14727 | Lair:2   | Killed a death yak
 14737 | Lair:2   | Killed a death yak
 14738 | Lair:2   | Reached skill level 12 in Axes
 14740 | Lair:2   | Killed a death yak
 14740 | Lair:2   | Identified the +6 kite shield of Fanaticism {Int+4}
                  | (Okawaru gifted it to you on level 2 of the Lair of Beasts)
 14740 | Lair:2   | Received a gift from Okawaru
 14741 | Lair:2   | Reached skill level 6 in Shields
 15470 | Lair:2   | 15470 ||| UPGRADING to +6 kite shield of Fanaticism
                  | {Int+4}.
 15480 | Lair:2   | 15480 ||| DROPPING +0 buckler.
 15481 | Lair:2   | 15481 ||| DROPPING amulet of guardian spirit.
 15509 | Lair:3   | 15509 ||| PLANNING GAUNTLET
 15605 | Lair:3   | Found a gate leading to a gauntlet.
 15610 | Gauntlet | Entered a Gauntlet
 15610 | Gauntlet | Found a transporter.
 15610 | Gauntlet | Found a transporter.
 15618 | Gauntlet | Found a transporter.
 15622 | Gauntlet | Found a transporter.
 15626 | Gauntlet | Found a runed translucent door.
 15626 | Gauntlet | Found a runed translucent door.
 15630 | Gauntlet | Found a transporter.
 15634 | Gauntlet | Found a transporter.
 15642 | Gauntlet | Found a transporter.
 15658 | Gauntlet | Found a transporter.
 15659 | Gauntlet | Noticed a catoblepas
 15672 | Gauntlet | Found a transporter.
 15676 | Gauntlet | Found a transporter.
 15684 | Gauntlet | Found a transporter.
 15688 | Gauntlet | Found a transporter.
 15744 | Gauntlet | 15744 ||| INVOKING Heroism.
 15744 | Gauntlet | Mangled by a wolf spider simulacrum

Levels and vault maps discovered:
D:1:      dpeg_chamrin_arrival_tetris, layout_loops_ring,
          wad_floor_pattern_untrapped, kennysheep_decorative_pillar
D:2:      layout_basic, basic_altar, kennysheep_big_empty_room, uniq_terence,
          uniq_robin, uniq_natasha
D:3:      layout_basic, serial_shops, nicolae_shop_crystal,
          nicolae_lakefront_shop, shop, nicolae_square_shop, serial_bayou_pond_d
D:4:      layout_basic, gammafunk_temple_overflow_claw,
          minmay_temple_entry_nine_rooms, serial_rivers,
          chequers_serial_rivers_small_b, chequers_serial_rivers_small_b,
          chequers_serial_rivers_room_b, chequers_serial_rivers_micro_a,
          hangedman_decor_riveting
D:5:      minmay_chambers_of_fours, layout_rooms,
          worldfamousw_hep_ancestral_shrine, mainiacjoe_overflow_alcove_2,
          serial_shops, nicolae_diamond_shop, dk_noncrumbling_3
D:6:      layout_basic, nicolae_overflow_crystal_walls
D:7:      old_forge, layout_basic, minmay_splitting_lines,
          uniq_crazy_yiuf_cottage
D:8:      layout_loops_ring, mainiacjoe_overflow_small_starburst,
          old_standard_altar, kennysheep_little_box, serial_co_window_serial,
          co_window_paths_b, co_window_corner_a, co_window_of_opportunity_a,
          co_window_corner_a, co_window_of_opportunity_a, co_window_paths_a,
          co_window_corner_a, co_window_corner_cb, co_window_2corner,
          co_window_paths_c, co_window_corner_b, co_window_of_opportunity_b,
          co_window_of_opportunity_b, glass_columns_a, glass_columns_c,
          glass_columns_a, nicolae_shop_sticking_my_neck_out
D:9:      layout_loops_cross, amcnicky_altar_gilded, kennysheep_mini,
          mainiacjoe_overflow_alcove_1, minmay_gold_behind_fungi
D:10:     layout_cave_pods, fiery_altar_vehumet, lemuel_round_altar,
          lair_entry_dummy, orc_0_dummy
Temple:   hellmonk_temple_of_storms
Lair:1:   layout_long_grid, chequers_serial_rivers_large_a, lemuel_fruit_tree,
          serial_bayou_shore_b
Lair:2:   layout_cave_pods, grunt_megastairs_5, infiniplex_staircase_pool_2
Lair:3:   layout_cave_pods, minmay_swamp_entry_worms,
          nicolae_spider_entry_tight_spaces, basic_altar,
          gauntlet_entry_generic, minmay_stone_trees_small, uniq_sonja
Gauntlet: minmay_gauntlet_77_indecision [minmay_gauntlet_arena_77_braids,
          minmay_gauntlet_arena_77_squiggly,
          minmay_gauntlet_arena_77_shame_cube,
          minmay_gauntlet_arena_77_broken_ladder, minmay_gauntlet_arena_77_mess,
          minmay_gauntlet_arena_77_double_cross,
          dreamdust_gauntlet_exit_labyrinth]

Skill      XL: |  1  2  3  4  5  6  7  8  9 10 11 12 |
---------------+-------------------------------------+-----
Axes           | 2 3 4 5 7 8 9 10 11 12 | 12.1
Fighting       | 4 6 7 8 9 |  9.1
Dodging        | 1 |  1.4
Invocations    | 4 6 10 | 10.0
Shields        | 4 5 6 |  6.9
Armour         | 6 8 |  8.0
Throwing       | 3 |  3.0

Action                   |  1- 3 |  4- 6 |  7- 9 | 10-12 || total
-------------------------+-------+-------+-------+-------++-------
Melee: War axe           |    28 |   181 |   333 |   450 ||   992
       Unarmed           |    24 |       |       |       ||    24
Throw: Boomerang         |       |       |       |    68 ||    68
Invok: Heroism           |       |       |    14 |    21 ||    35
       Finesse           |       |       |       |     1 ||     1
  Use: Scroll            |     3 |    10 |     8 |     5 ||    26
       Potion            |       |       |     2 |     6 ||     8
Armor: Scale mail        |    28 |    84 |   132 |       ||   244
       Skin              |     3 |       |       |       ||     3
       Plate armour      |       |       |    16 |   259 ||   275
Dodge: Dodged            |    36 |    82 |   122 |   114 ||   354
Block: Buckler           |     8 |    32 |    63 |    78 ||   181
       Kite shield       |       |       |       |    13 ||    13

Table legend:
 A = Non-vault XP
 B = Vault XP
 C = Vault XP percentage of total XP
 D = Non-vault monster count
 E = Vault monster count
 F = Vault count percentage of total count
                 A         B        C        D         E       F
            +---------+---------+-------+---------+---------+-------
      Total |   22586 |    1605 |   6.6 |     231 |      31 |  11.8
            +---------+---------+-------+---------+---------+-------
        D:1 |      47 |      65 |  58.0 |       9 |       9 |  50.0
        D:2 |      85 |      42 |  33.1 |      28 |       4 |  12.5
        D:3 |     126 |       0 |   0.0 |      16 |       0 |   0.0
        D:4 |     154 |       0 |   0.0 |      10 |       0 |   0.0
        D:5 |    1135 |     699 |  38.1 |      20 |       6 |  23.1
        D:6 |    1092 |       0 |   0.0 |      29 |       0 |   0.0
        D:7 |     252 |     209 |  45.3 |       6 |       8 |  57.1
        D:8 |    3583 |       0 |   0.0 |      27 |       0 |   0.0
        D:9 |    2623 |       0 |   0.0 |      27 |       0 |   0.0
       D:10 |    2307 |       0 |   0.0 |      17 |       0 |   0.0
     Lair:1 |    4270 |       0 |   0.0 |      21 |       0 |   0.0
     Lair:2 |    6487 |      88 |   1.3 |      20 |       1 |   4.8
     Lair:3 |     425 |       0 |   0.0 |       1 |       0 |   0.0
   Gauntlet |       0 |     502 | 100.0 |       0 |       3 | 100.0
            +---------+---------+-------+---------+---------+-------
